 Dungeon Crawl Stone Soup version 0.28.0 (webtiles) character file.

Game seed: 870139649868433649

92348 freelancePsychic the Destroyer (level 16, -11/104 HPs)
             Began as a Gargoyle Cinder Acolyte on Feb 8, 2022.
             Was an Initiate of Gozag.
             Mangled by Rupert (17 damage)
             ... on level 12 of the Dungeon.
             The game lasted 01:23:13 (36121 turns).

freelancePsychic the Destroyer (GrCA)              Turns: 36121, Time: 01:23:14

Health: -11/104    AC: 23    Str: 18    XL:     16   Next: 5%
Magic:  2/32       EV: 10    Int: 23    God:    Gozag
Gold:   1318       SH:  3    Dex:  3    Spells: 13/39 levels left

rFire   + + .      SeeInvis .   t - -1 demon whip
rCold   + . .      Faith    .   W - +0 buckler
rNeg    + . .      Spirit   .   g - +2 robe {rC+ rF+}
rPois   ∞          Reflect  .   U - +1 helmet
rElec   +          Harm     .   q - +0 cloak
rCorr   .          Rampage  .   X - +2 pair of gloves
Will    ++...                   (no boots)
Stlth   +.........              l - amulet of magic regeneration
HPRegen 0.27/turn               i - ring of willpower
MPRegen 0.63/turn               M - ring of protection from fire

@: flying, contaminated, glowing
A: sickness immunity, AC +12, big wings, negative energy resistance 1,
electricity resistance, torment resistance 1, petrification resistance, clumsy 1
a: Renounce Religion, Potion Petition, Call Merchant, Bribe Branch


You were on level 12 of the Dungeon.
You worshipped Gozag.
Gozag was most pleased with you.
You visited 5 branches of the dungeon, and saw 23 of its levels.

You collected 5666 gold pieces.
You spent 3670 gold pieces at shops.
You paid 678 gold pieces to Gozag.

Inventory:

Hand Weapons
 a - a +3 trident
 t - a -1 demon whip (weapon)
Missiles
 n - 6 throwing nets
Armour
 f - a +1 kite shield of protection
 g - a +2 robe of resistance (worn)
 q - a +0 cloak (worn)
 G - the +4 chain mail "Kioryo" {Dex+4}
   (You found it on level 1 of the Lair of Beasts)

   Dex:       It affects your dexterity (+4).
 O - -3 pearl dragon scales
 U - a +1 helmet (worn)
 W - a +0 buckler (worn)
 X - a +2 pair of gloves (worn)
Jewellery
 i - a ring of willpower (left hand)
 l - an amulet of magic regeneration (around neck)
 v - a +4 ring of slaying
 M - a ring of protection from fire (right hand)
 S - a ring of positive energy
 V - an amulet of guardian spirit
Wands
 m - a wand of acid (3)
 p - a wand of digging (16)
 z - a wand of mindburst (8)
 D - a wand of flame (20)
 K - a wand of iceblast (9)
 P - a wand of polymorph (5)
 R - a wand of paralysis (5)
 T - a wand of charming (5)
Scrolls
 b - a scroll of torment
 c - 13 scrolls of teleportation {@r4}
 e - 8 scrolls of vulnerability
 h - 5 scrolls of fog
 k - 8 scrolls of magic mapping
 s - 5 scrolls of immolation
 u - 3 scrolls of noise
 y - a scroll of holy word
 B - 3 scrolls of amnesia
 C - 2 scrolls of fear
 F - 3 scrolls of blinking
Potions
 d - a potion of attraction {unknown}
 j - 2 potions of lignification {unknown}
 o - 3 potions of flight
 r - a potion of cancellation {unknown}
 w - 2 potions of mutation {unknown}
 x - 3 potions of magic
 A - a potion of resistance {unknown}
 E - 4 potions of heal wounds {@q2}
 H - 4 potions of might {unknown}
 I - 2 potions of brilliance {unknown}
 J - 2 potions of berserk rage
 L - 2 potions of invisibility {unknown}
 N - 3 potions of haste {unknown}
 Q - 3 potions of curing {@q1}


   Skills:
 + Level 13.0 Fighting
 - Level 5.3 Maces & Flails
 - Level 7.5 Armour
 - Level 4.7 Shields
 - Level 12.1 Spellcasting
 - Level 13.8 Conjurations
 - Level 4.0 Transmutations
 - Level 5.1 Fire Magic
 - Level 10.2 Ice Magic
 - Level 3.4 Air Magic
 * Level 9.5 Earth Magic
 - Level 6.6 Poison Magic


You had 13 spell levels left.
You knew the following spells:

 Your Spells              Type           Power      Damage    Failure   Level
a - Freezing Cloud        Conj/Ice/Air   27%        6-21      3%          5
b - Scorch                Fire           74%        2d9       1%          2
c - Ignite Poison         Fire/Tmut/Pois 38%        N/A       1%          3
d - Olgreb's Toxic Radia  Pois           44%        N/A       3%          4
e - Mephitic Cloud        Conj/Pois/Air  50%        N/A       1%          3
f - Flame Wave            Conj/Fire      55%        2d11      1%          4
h - Irradiate             Conj/Tmut      26%        3d22      4%          5

Your spell library contained the following spells:

 Spells                   Type           Power      Damage    Failure   Level
 Freeze                   Ice            100%       1d11      1%          1
 Magic Dart               Conj           100%       1d8       1%          1
 Sandblast                Erth           100%       2d20      1%          1
 Sting                    Tmut/Pois      100%       1d8       1%          1
 Passwall                 Tmut/Erth      37%        N/A       1%          2
 Poisonous Vapours        Pois/Air       74%        N/A       1%          2
 Searing Ray              Conj           100%       2d8       1%          2
 Conjure Flame            Conj/Fire      55%        6-21      1%          3
 Dazzling Flash           Conj/Hex       90%        N/A       1%          3
 Frozen Ramparts          Ice            100%       1d12      1%          3
 Stone Arrow              Conj/Erth      100%       3d13      1%          3
 Hailstorm                Conj/Ice       62%        3d13      1%          4
 Sticky Flame             Conj/Fire      55%        2d7       1%          4
 Fulminant Prism          Conj/Hex       22%        3d13      3%          4
 Petrify                  Tmut/Erth      45%        N/A       3%          4
 Animate Skeleton         Necr           28%        N/A       6%          1
 Apportation              Tloc           28%        N/A       6%          1
 Pain                     Necr           56%        1d6       6%          1
 Summon Small Mammal      Summ           56%        N/A       6%          1
 Inner Flame              Hex/Fire       25%        N/A       6%          3
 Call Imp                 Summ           14%        N/A       9%          2
 Gell's Gravitas          Tloc           14%        N/A       17%         3
 Lesser Beckoning         Tloc           14%        N/A       17%         3
 Portal Projectile        Hex/Tloc       28%        N/A       17%         3
 Teleport Other           Tloc           14%        N/A       17%         3
 Vampiric Draining        Necr           14%        2d7       17%         3
 Blade Hands              Tmut           16%        N/A       30%         5
 Silence                  Hex/Air        10%        N/A       61%         5
 Agony                    Necr           14%        N/A       85%         5
 Excruciating Wounds      Necr           7%         N/A       85%         5
 Spellforged Servitor     Conj/Summ      22%        N/A       96%         7
 Summon Cactus Giant      Summ           7%         N/A       100%        6
 Haunt                    Necr/Summ      7%         N/A       100%        7
 Summon Hydra             Summ           7%         N/A       100%        7
 Fire Storm               Conj/Fire      27%        8d7       100%        9
 Sublimation of Blood     Necr           Unusable   N/A       N/A         2

Dungeon Overview and Level Annotations

Branches:
Dungeon (12/15)            Temple (1/1) D:7            Lair (6/6) D:9
  Swamp (0/4) Lair:2       Spider (0/4) Lair:3        Slime (0/5) Lair:6
    Orc (2/2) D:10            Elf (2/3) Orc:2

Altars:
Ashenzari
Cheibriados
Dithmenos
Elyvilon
Fedhas
Gozag
Hepliaklqana
Kikubaaqudgha
Makhleb
Nemelex Xobeh
Okawaru
Qazlal
Ru
Sif Muna
Trog
Uskayaw
Vehumet
Wu Jian
Xom
Yredelemnul
Zin
The Shining One
Beogh

Shops:
D:5 ?[   D:6 [   D:7 !=!(**   Orc:2 [*[(:   Elf:1 ?*=:

Annotations:
D:3 Dowan, Duvessa
D:5 exclusion: downstairs
D:10 exclusion: downstairs
D:11 exclusion: downstairs
D:12 Rupert
Lair:1 1 runed translucent door, Arex's ghost, novice TrCK
Lair:5 1 runed translucent door
Elf:1 3 runed translucent doors
Elf:2 3 runed translucent doors


Innate Abilities, Weirdness & Mutations

You are immune to sickness and miasma.
Your stone body is resilient. (AC +12)
You are immune to poison.
Your large and strong wings let you fly.
You resist negative energy. (rN+)
You are resistant to electric shocks. (rElec)
You are resistant to unholy torment.
You are immune to petrification.
You are clumsy. (Dex -2)


Message History

Rupert hits you with a +4 triple sword of protection!
Rupert hits you with a +4 triple sword of protection!!!
Blink to where?
Press: ? - help, Dir - move target
As you read the scroll of blinking, it crumbles to dust.
Casting: Irradiate (dangerous; 4% risk of failure)
Confirm with . or Enter, or press ? or * to list all spells.
You begin to radiate toxic energy.
Casting: Olgreb's Toxic Radiance (dangerous; 3% risk of failure)
Confirm with . or Enter, or press ? or * to list all spells.
Aiming: Freezing Cloud (dangerous; 3% risk of failure)
Press: ? - help, Dir - move target, f - Rupert
Aim: Rupert, wielding a +4 triple sword of protection and wearing a +2 ring mail of poison resistance (heavily wounded, berserk, misshapen and mutated) Rupert is engulfed in freezing vapours.
Rupert rages.
Aiming: Corrosive Bolt
Press: ? - help, Shift-Dir - straight line, f/p - Rupert
Aim: Rupert, wielding a +4 triple sword of protection and wearing a +2 ring mail of poison resistance (freezing vapour, heavily wounded, berserk, misshapen and mutated, 75% to hit)
The bolt of acid hits Rupert!
Rupert is heavily wounded.
Your toxic aura wanes.
Rupert is engulfed in freezing vapours. x2
Casting: Freezing Cloud (dangerous; 3% risk of failure)
Confirm with . or Enter, or press ? or * to list all spells.
You miscast Irradiate.
You are lightly contaminated with residual magic.
Nothing appears to happen.
Rupert hits you with a +4 triple sword of protection!
Casting: Irradiate (dangerous; 4% risk of failure)
Confirm with . or Enter, or press ? or * to list all spells.
You erupt in a fountain of uncontrolled magic!
Rupert is blasted with magical radiation!!!
Rupert is almost dead.
Rupert twists and deforms.
You are contaminated with residual magic.
Rupert hits you with a +4 triple sword of protection!!
* * * LOW HITPOINT WARNING * * *
Rupert hits you with a +4 triple sword of protection!
You die...
Your body crumbles into a pile of gold.

#####+## #####
#......# ###......
#....§§#####.'......
#.....§#§....#.@...:
+.....§§§##### .....
#..@@§§### ....
####'### ... #.## #+
#..## ##..#
########.##
#.........#
#.........#
#....)....#


You could see Rupert (berserk, misshapen).

Vanquished Creatures
  An orc warlord (Orc:2)
  A deep elf demonologist (Elf:1)
  Josephine (Lair:5)
  2 deep elf death magi (Elf:2)
  3 fire dragons
  Harold (D:8)
  A hell beast (Elf:2)
  2 boulder beetles
  A centaur warrior (D:11)
  12 hydras
  4 orc high priests
  6 two-headed ogres
  3 death yaks (Lair:6)
  4 deep elf knights
  Sonja (D:11)
  A fire crab (shapeshifter) (Elf:2)
  6 deep elf archers
  Pikel (D:7)
  2 harpies (Elf:2)
  8 deep elf zephyrmancers
  2 lindwurms
  3 orc knights (Orc:2)
  23 deep elf pyromancers
  6 manticores (Elf:2)
  2 orc sorcerers
  A cyclops (D:11)
  A centaur zombie (D:11)
  10 black mambas
  Maurice (D:8)
  2 molten gargoyles (Lair:6)
  9 cane toads
  9 komodo dragons
  Maggie (D:6)
  2 rime drakes
  Psyche (D:10)
  3 polar bears
  6 trolls
  A hornet (shapeshifter) (Elf:1)
  23 blink frogs
  5 dream sheep (Lair:6)
  2 air elementals (Elf:1)
  Sigmund (D:2)
  A shadow (D:10)
  7 wyverns
  27 yaks
  17 fire elementals
  9 basilisks
  A water elemental (Elf:1)
  6 wraiths
  2 steam dragons (D:5)
  8 wargs
  An acid dragon (D:11)
  9 water moccasins
  6 hell hounds
  An ice beast (D:5)
  A sky beast (D:5)
  32 orc warriors
  A black bear (D:4)
  7 ogres
  5 centaurs
  3 necrophages
  11 wolves
  A phantom (D:6)
  3 lemures (D:7)
  3 kobold brigands
  Blork the orc (D:4)
  A gnoll sergeant (D:6)
  13 bullfrogs
  An earth elemental (Elf:1)
  A wyvern zombie (D:9)
  3 scorpions
  4 killer bees (D:9)
  A water moccasin skeleton (D:5)
  10 wights
  3 howler monkeys (D:9)
  5 electric eels
  5 lava snakes (Lair:6)
  3 jellies
  14 orc priests
  A gnoll shaman (D:4)
  6 hounds
  Crazy Yiuf (D:6)
  A bullfrog skeleton (D:6)
  An iguana (D:5)
  23 orc wizards
  4 hell rats (Lair:5)
  A killer bee zombie (D:8)
  Robin (D:4)
  4 adders
  8 gnolls
  2 shadow imps (D:7)
  2 white imps
  2 worms (D:3)
  2 dart slugs (D:2)
  85 orcs
  5 ball pythons
  12 endoplasms
  2 giant cockroaches
  12 goblins
  10 hobgoblins
  3 jackals (D:5)
  5 quokkas
  4 bats
  4 frilled lizards
  21 kobolds
  A rat (D:2)
625 creatures vanquished.

Vanquished Creatures (collateral kills)
  4 yaks (D:11)
4 creatures vanquished.

Vanquished Creatures (others)
  8 dancing weapons
  29 foxfires
  30 fungi
  35 plants
102 creatures vanquished.

Grand Total: 731 creatures vanquished

Notes
Turn   | Place    | Note
-------+----------+-------------------------------------------
     0 | D:1      | freelancePsychic the Gargoyle Cinder Acolyte began the
                  | quest for the Orb.
     0 | D:1      | Reached XP level 1. HP: 14/14 MP: 2/2
   385 | D:1      | Reached XP level 2. HP: 19/19 MP: 3/3
   448 | D:1      | Learned a level 2 spell: Scorch
   585 | D:1      | Found a faded altar of an unknown god.
  1263 | D:2      | Reached XP level 3. HP: 22/24 MP: 0/5
  1989 | D:2      | Noticed Sigmund
  2004 | D:2      | Killed Sigmund
  2005 | D:2      | Reached XP level 4. HP: 6/30 MP: 1/7
  2005 | D:2      | Reached XP level 5. HP: 7/34 MP: 1/8
  2785 | D:3      | Reached XP level 6. HP: 39/39 MP: 6/10
  2800 | D:3      | Reached skill level 5 in Fire Magic
  2889 | D:3      | Found a blossoming altar of Fedhas.
  3352 | D:3      | Found an opulent altar of Gozag.
  3494 | D:3      | Found a glowing silver altar of Zin.
  3494 | D:3      | Noticed an angel
  3642 | D:3      | Learned a level 3 spell: Mephitic Cloud
  3979 | D:4      | Noticed Duvessa
  4289 | D:4      | Noticed Dowan
  4543 | D:4      | Noticed Robin
  4673 | D:4      | Killed Robin
  4923 | D:4      | Noticed Blork the orc
  4940 | D:4      | Killed Blork the orc
  4941 | D:4      | Reached skill level 5 in Fighting
  4941 | D:4      | Reached skill level 1 in Conjurations
  4941 | D:4      | Reached skill level 1 in Poison Magic
  5057 | D:4      | HP: 2/40 [gnoll (6)]
  5067 | D:3      | HP: 1/40 [Duvessa/puff of flame (2)]
  5486 | D:5      | Entered Level 5 of the Dungeon
  5489 | D:5      | Reached XP level 7. HP: 44/44 MP: 6/11
  5699 | D:5      | Found a shimmering blue altar of Sif Muna.
  6486 | D:4      | Reached XP level 8. HP: 41/49 MP: 5/14
  6707 | D:5      | Learned a level 3 spell: Ignite Poison
  6715 | D:5      | Found Liap's Antique Armour Shoppe.
  6736 | D:5      | Bought a glowing robe for 118 gold pieces
  7499 | D:5      | Reached skill level 5 in Spellcasting
  7680 | D:5      | Found Lyrecvi's Magic Scroll Shoppe.
  7687 | D:5      | Bought a scroll of magic mapping for 49 gold pieces
  7687 | D:5      | Bought a scroll of identify for 28 gold pieces
  7687 | D:5      | Bought a scroll of identify for 28 gold pieces
  7736 | D:6      | Reached skill level 5 in Conjurations
  7888 | D:6      | Found Atiluen's Antique Armour Boutique.
  7929 | D:6      | Reached skill level 1 in Ice Magic
  8054 | D:6      | Reached XP level 9. HP: 43/54 MP: 17/17
  8402 | D:6      | Learned a level 4 spell: Flame Wave
  8490 | D:6      | Found a runed translucent door.
  8491 | D:6      | Noticed Crazy Yiuf
  8670 | D:6      | Noticed Maggie
  8676 | D:6      | Killed Maggie
  8999 | D:6      | Killed Crazy Yiuf
  9115 | D:7      | Found Haniot's Assorted Antiques.
  9123 | D:7      | Bought a red potion for 25 gold pieces
  9134 | D:7      | Found a staircase to the Ecumenical Temple.
  9272 | D:7      | Found Sooleun's Lightly-Used Armoury.
  9464 | D:7      | Found Tolo Xitio's Antique Weapon Shop.
  9468 | D:7      | Found Ceasopat's Distillery.
  9700 | D:7      | Noticed Pikel
  9709 | D:7      | Killed Pikel
  9881 | D:7      | Reached XP level 10. HP: 60/60 MP: 5/20
 10331 | D:7      | Found Kicvega's Distillery.
 10416 | D:7      | Found Byetir's Jewellery Boutique.
 10654 | Temple   | Entered the Ecumenical Temple
 10989 | D:8      | You fall into a shaft and drop 3 floors!
 10989 | D:11     | Noticed a two-headed ogre
 11030 | D:11     | Reached skill level 5 in Ice Magic
 11037 | D:11     | Killed a two-headed ogre
 11097 | D:11     | Noticed Sonja
 11102 | D:10     | Entered Level 10 of the Dungeon
 11276 | D:10     | Learned a level 5 spell: Freezing Cloud
 11470 | D:10     | Found an ancient bone altar of Kikubaaqudgha.
 11726 | D:9      | Reached XP level 11. HP: 64/67 MP: 2/23
 12131 | D:9      | Found a staircase to the Lair.
 12142 | D:9      | Noticed a two-headed ogre
 12153 | D:9      | Killed a two-headed ogre
 12154 | D:9      | Reached skill level 1 in Air Magic
 12320 | D:9      | Found a hazy altar of Hepliaklqana.
 12454 | D:9      | Noticed a two-headed ogre
 12535 | D:9      | Killed a two-headed ogre
 13130 | D:10     | Noticed Psyche
 13135 | D:10     | Killed Psyche
 13315 | D:10     | Found a staircase to the Orcish Mines.
 14084 | D:8      | Noticed Harold
 14198 | D:8      | Found a hide-covered altar of Uskayaw.
 14198 | D:8      | Noticed a +0 falchion
 14198 | D:8      | Noticed a +0 falchion
 14199 | D:8      | Noticed a +0 spear
 14199 | D:8      | Noticed a +0 dagger
 14199 | D:8      | Noticed a +0 dagger
 14200 | D:8      | Noticed a +0 spear
 14354 | D:8      | Killed Harold
 14571 | D:8      | Noticed a +0 short sword
 14572 | D:8      | Noticed a +0 short sword
 14676 | D:8      | Found a shimmering altar of Xom.
 14866 | D:8      | Noticed Maurice
 14878 | D:8      | Killed Maurice
 15457 | D:8      | Found a white marble altar of Elyvilon.
 15663 | D:11     | Noticed a two-headed ogre
 15899 | D:10     | Killed a two-headed ogre
 15953 | D:11     | Noticed a boulder beetle
 15957 | D:11     | Noticed a centaur warrior
 15964 | D:11     | Killed a centaur warrior
 16287 | D:3      | Fell from the grace of Ignis
 16287 | D:3      | Became a worshipper of Gozag Ym Sagoz the Greedy
 16466 | Lair:1   | Entered Level 1 of the Lair of Beasts
 16473 | Lair:1   | Reached skill level 10 in Conjurations
 16715 | D:7      | Bought a -2 demon whip for 70 gold pieces
 16984 | Lair:1   | Reached XP level 12. HP: 32/76 MP: 14/25
 17341 | Lair:1   | Noticed Arex's ghost (novice TrCK)
 17382 | Lair:1   | Identified the +4 chain mail "Kioryo" {Dex+4}
 17583 | Lair:1   | Found a runed translucent door.
 17608 | Lair:1   | Noticed a seven-headed hydra
 17622 | Lair:1   | Killed a seven-headed hydra
 18652 | Lair:2   | Noticed an eight-headed hydra
 18660 | Lair:1   | Reached skill level 1 in Transmutations
 19387 | Lair:2   | Reached skill level 10 in Fighting
 19489 | Lair:2   | Found a staircase to the Swamp.
 19904 | Lair:2   | You fall into a shaft and drop 1 floor!
 19994 | Lair:3   | Learned a level 5 spell: Irradiate
 20065 | Lair:3   | Was forgiven by Ignis
 20169 | Lair:3   | Noticed a fire dragon
 20179 | Lair:3   | Killed a fire dragon
 20452 | Lair:3   | Found a hole to the Spider Nest.
 20497 | Lair:3   | Noticed a four-headed hydra
 20499 | Lair:3   | Reached skill level 10 in Spellcasting
 20504 | Lair:3   | Killed a four-headed hydra
 21473 | Lair:4   | Reached XP level 13. HP: 77/83 MP: 16/27
 22848 | Lair:5   | Reached skill level 1 in Armour
 23172 | Lair:5   | Noticed Josephine
 23269 | Lair:5   | Killed Josephine
 23691 | Lair:5   | Found a runed translucent door.
 24436 | Lair:6   | Entered Level 6 of the Lair of Beasts
 24443 | Lair:6   | Found an ornate altar of the Wu Jian Council.
 24443 | Lair:6   | Found a hide-covered altar of Uskayaw.
 24951 | Lair:6   | Found a staircase to the Slime Pits.
 25157 | Lair:6   | Found a large runed translucent door.
 25365 | Lair:6   | Noticed a fire dragon
 25376 | Lair:6   | Gained mutation: You are clumsy. (Dex -2) [mutagenic glow]
 25565 | Lair:6   | Reached skill level 5 in Armour
 25566 | Lair:6   | Gained mutation: Your large and strong wings let you fly.
                  | [Gargoyle growth]
 25566 | Lair:6   | Reached XP level 14. HP: 81/88 MP: 23/29
 25958 | Lair:6   | Found a snail-covered altar of Cheibriados.
 26176 | Lair:6   | Found a large runed translucent door.
 26933 | D:7      | Bought -3 pearl dragon scales for 1190 gold pieces
 27268 | D:11     | Killed Sonja
 27375 | D:11     | Reached skill level 10 in Ice Magic
 27643 | D:11     | Got the Guide on Flames and Arcane Weapons
 28183 | D:5      | Bought a glowing helmet for 240 gold pieces
 28246 | D:6      | Bought a glowing scarf for 224 gold pieces
 28369 | Orc:1    | Entered Level 1 of the Orcish Mines
 29214 | Orc:2    | Entered Level 2 of the Orcish Mines
 30129 | Orc:2    | Found a staircase to the Elven Halls.
 30230 | Orc:2    | Found Goad's General Store.
 30329 | Orc:2    | Bought a potion of heal wounds for 90 gold pieces
 30834 | Orc:2    | Noticed an orc warlord
 30988 | Orc:2    | Found Qawumaubbept's Antique Armour Boutique.
 30992 | Orc:2    | Reached skill level 5 in Maces & Flails
 30995 | Orc:2    | Found Tegh's Antique Weapon Shop.
 31009 | Orc:2    | Bought a glowing kite shield for 195 gold pieces
 31124 | Orc:2    | Found Nidwuese's Antique Armour Shoppe.
 31239 | Orc:2    | Bought an ichor-stained ring mail for 261 gold pieces
 31239 | Orc:2    | Identified the +1 ring mail of Mezcal {rElec Str+9 Stlth-}
                  | (You bought it in a shop on level 2 of the Orcish Mines)
 31389 | Orc:2    | Killed an orc warlord
 31993 | Orc:2    | Bought a Young Poisoner's Handbook for 380 gold pieces
 31998 | Orc:2    | Learned a level 4 spell: Olgreb's Toxic Radiance
 32088 | Elf:1    | Entered Level 1 of the Elven Halls
 32096 | Elf:1    | Reached skill level 1 in Shields
 32096 | Elf:1    | Reached skill level 5 in Poison Magic
 32195 | Elf:1    | Found Qoeggu Uten's Book Shoppe.
 32203 | Elf:1    | Found a runed translucent gate.
 32206 | Elf:1    | Found a runed translucent gate.
 32206 | Elf:1    | Found a runed translucent gate.
 32261 | Elf:1    | Found Deorel's Magic Scroll Emporium.
 32265 | Elf:1    | Found Ruit's General Store.
 32267 | Elf:1    | Found Saicyst's Jewellery Emporium.
 32271 | Elf:1    | Bought a scroll of blinking for 120 gold pieces
 32273 | Elf:1    | Bought a potion of magic for 112 gold pieces
 32275 | Elf:1    | Bought an amulet of magic regeneration for 540 gold pieces
 32630 | Elf:1    | Reached XP level 15. HP: 86/93 MP: 27/31
 32672 | Elf:1    | Paralysed by an air elemental for 1 turns
 33613 | Elf:1    | Got the Grimoire of Companions
 33674 | Elf:1    | Reached skill level 1 in Earth Magic
 34812 | Elf:2    | Reached skill level 5 in Earth Magic
 35465 | Elf:2    | Reached XP level 16. HP: 87/103 MP: 28/32
 35593 | Elf:2    | Found a runed translucent gate.
 35594 | Elf:2    | Found a runed translucent gate.
 35594 | Elf:2    | Found a runed translucent gate.
 35934 | D:12     | Noticed Rupert
 36121 | D:12     | Mangled by Rupert

Illustrated notes

Levels and vault maps discovered:
D:1:      ncdulo_wetmaze, layout_basic, shapermc_ecumenical_altar_acropolis
D:2:      cheibrodos_helix_gallery, layout_basic, uniq_sigmund
D:3:      layout_rooms, mainiacjoe_overflow_boulevard, zin_angel,
          grunt_gozag_statues, minmay_randomly_rotated_circles
D:4:      layout_loops_ring, nicolae_zen_rock_garden, uniq_duvessa, uniq_robin,
          uniq_blork_the_orc
D:5:      kennysheep_steamy, layout_loops_ring, mainiacjoe_overflow_paths,
          serial_shops, shop, shop_coins, minmay_misc_feat_iff
D:6:      layout_basic, serial_shops, nicolae_shop_competitors_out_of_business,
          uniq_crazy_yiuf_cottage, uniq_maggie
D:7:      wad_lake_hut, layout_layer_cave, temple_pool_b, serial_shops,
          nicolae_shop_hallway_stairs, kennysheep_mini_moat, shop,
          nicolae_diamond_shop, nicolae_stop_n_shop_1, minmay_shop_damaged,
          uniq_pikel
D:8:      layout_loops_ring, nicolae_elyvilon_temple_path,
          nicolae_uskayaw_en_pointe, mainiacjoe_overflow_alcove_1,
          chequers_serial_rivers_large_b, uniq_maurice, uniq_harold
D:9:      nicolae_cairo_tiling_large, layout_irregular_city,
          nicolae_hepliaklqana_hazy_memory
D:10:     layout_basic, mainiacjoe_overflow_concentric_impassable, david_orc_2,
          uniq_psyche
D:11:     layout_long_grid, grunt_ogre_cave, uniq_sonja
D:12:     layout_roguey, uniq_fannar, uniq_rupert
Temple:   nicolae_temple_figure_eight
Lair:1:   layout_roguey, hellmonk_ghost_happy_afterlife, serial_bayou_shore_a,
          grunt_megastairs_2
Lair:2:   layout_big_grid, swamp_mist, tgw_fedhas, grunt_megastairs_5,
          serial_bayou_shore_b
Lair:3:   dragon1_lemuel, layout_regular_city, spider_nest_entry_web_field,
          infiniplex_staircase_pool_2
Lair:4:   layout_cave_pods, minmay_holes
Lair:5:   gammafunk_indiana_jones, layout_gridlike, kennysheep_basilisk_garden,
          uniq_josephine
Lair:6:   cheibrodos_lair_end_hotspot, layout_loops_ring,
          nicolae_slime_entry_slimehenge, basic_altar,
          nzn_masters_of_martial_movement
Orc:1:    layout_caves
Orc:2:    grunt_orc_community_town_hall, layout_caves,
          grunt_orc_community_big_house_1, grunt_orc_community_big_house_1,
          grunt_orc_community_house_2, grunt_orc_community_house_1,
          grunt_orc_community_house_3, grunt_orc_community_house_1,
          grunt_orc_community_house_2, basic_altar, nicolae_orc_damp_corner
Elf:1:    eino_elf_arrival_sip, layout_loops_cross, serial_shops,
          nicolae_shop_trees, minmay_elf_demonology, nicolae_elf_hall_of_bonks,
          minmay_shop_star
Elf:2:    nicolae_elf_blades_crystal_corner, layout_loops_corners, special_room
          [special_room_mythical_zoo]

Skill      XL: |  1  2  3  4  5  6  7  8  9 10 11 12 13 14 15 16 |
---------------+-------------------------------------------------+-----
Fighting       | 4 5 7 9 10 12 13 | 13.0
Spellcasting   | 2 3 4 5 6 8 9 10 11 12 | 12.1
Fire Magic     | 4 5 |  5.1
Conjurations   | 1 3 5 7 8 10 11 12 13 | 13.8
Poison Magic   | 1 3 4 5 6 |  6.6
Ice Magic      | 1 4 6 7 8 9 10 | 10.2
Air Magic      | 3 |  3.4
Transmutations | 3 4 |  4.0
Maces & Flails | 4 5 |  5.3
Armour         | 5 7 |  7.5
Shields        | 2 4 |  4.7
Earth Magic    | 9 |  9.5

Action                   |  1- 3 |  4- 6 |  7- 9 | 10-12 | 13-15 | 16-18 || total
-------------------------+-------+-------+-------+-------+-------+-------++-------
Melee: Mace              |    38 |    24 |     7 |       |       |       ||    69
       Trident           |       |       |    52 |   151 |       |       ||   203
       Punch             |       |       |     1 |     5 |     3 |       ||     9
       Demon whip        |       |       |       |   133 |   336 |    10 ||   479
 Cast: Scorch            |    24 |    77 |    80 |    80 |     3 |       ||   264
       Mephitic Cloud    |       |       |    22 |    49 |     1 |       ||    72
       Ignite Poison     |       |       |    15 |    28 |     7 |       ||    50
       Flame Wave        |       |       |     6 |     6 |       |       ||    12
       Freezing Cloud    |       |       |       |    53 |   147 |     1 ||   201
       Irradiate         |       |       |       |     4 |    95 |     9 ||   108
       Olgreb's Toxic Ra |       |       |       |       |    12 |     2 ||    14
Invok: Foxfire Swarm     |     1 |       |     1 |       |       |       ||     2
       Fiery Armour      |       |     1 |     1 |       |       |       ||     2
       Rising Flame      |       |     1 |       |       |       |       ||     1
       Call Merchant     |       |       |       |       |     1 |       ||     1
Evoke: Wand              |       |       |       |       |       |     1 ||     1
  Use: Potion            |     1 |       |     3 |     1 |       |       ||     5
       Scroll            |       |     2 |     5 |     9 |     3 |     1 ||    20
 Stab: Confused          |       |       |       |     2 |       |       ||     2
       Distracted        |       |       |       |       |     1 |       ||     1
Armor: Robe              |    21 |    23 |    62 |   173 |   214 |    12 ||   505
Dodge: Dodged            |    15 |    36 |    89 |   206 |   194 |     5 ||   545
Block: Buckler           |       |       |       |       |     8 |     2 ||    10
